 Dungeon Crawl Stone Soup version 0.25-b1-37-g2669288c55 (webtiles) character file.

Game seed: 11918965248507917995

924 diana the Skirmisher (level 7, 0/56 HPs)
             Began as a Demonspawn Fighter on June 6, 2020.
             Shot with an arrow by a centaur (9 damage)
             ... on level 5 of the Dungeon.
             The game lasted 00:06:45 (5759 turns).

diana the Skirmisher (Demonspawn Fighter)           Turns: 5759, Time: 00:06:45

Health: 0/56       AC:  8    Str: 19    XL:     7   Next: 84%
Magic:  2/2        EV:  7    Int:  9    God:
Gold:   228        SH:  9    Dex: 12    Spells: 6/6 levels left

rFire    + . .     SeeInvis .   u - +0 flail (antimagic)
rCold    . . .     Gourm    .   c - +0 kite shield
rNeg     + . .     Faith    .   b - +0 scale mail
rPois    .         Spirit   .   v - +0 helmet
rElec    .         Reflect  .   (no cloak)
rCorr    .         Harm     .   (no gloves)
MR       .....                  (no boots)
Stlth    ..........             (no amulet)
HPRegen  0.18/turn              r - ring of positive energy
MPRegen  0.08/turn              (no ring)

@: marked
A: talons 1, demonic guardian 1, fire resistance 1, flame cloud immunity
a: no special abilities


You were on level 5 of the Dungeon.
You were not hungry.

You visited 1 branch of the dungeon, and saw 5 of its levels.

You collected 228 gold pieces.

Inventory:

Hand Weapons
 u - a +0 antimagic flail (weapon)
Armour
 b - a +0 scale mail (worn)
 c - a +0 kite shield (worn)
 v - a +0 helmet (worn)
Jewellery
 r - a ring of positive energy (left hand)
Wands
 a - a wand of flame (23)
 w - a wand of polymorph (10)
Scrolls
 e - 2 scrolls of blinking
 i - a scroll of fog
 j - a scroll of identify
 l - 4 scrolls of teleportation
 m - 3 scrolls of enchant armour
 n - 3 scrolls of noise
 o - a scroll of immolation {unknown}
 p - a scroll of enchant weapon {unknown}
 t - 2 scrolls of magic mapping
Potions
 d - 3 potions of might
 g - a potion of brilliance {unknown}
 h - a potion of cancellation {unknown}
 k - 3 potions of heal wounds
 q - a potion of mutation {unknown}
 s - 5 potions of curing {unknown}
Comestibles
 f - 8 rations
 x - a chunk of flesh


   Skills:
 + Level 5.3 Fighting
 + Level 4.3 Maces & Flails
 + Level 4.9 Armour
 + Level 4.9 Shields


You had 6 spell levels left.
You didn't know any spells.
Your spell library contained the following spells:

 Spells                   Type           Power        Failure   Level  Hunger
 Animate Skeleton         Necr           N/A          99%         1    ##.....
 Apportation              Tloc           #.....       99%         1    ##.....
 Corona                   Hex            #......      99%         1    ##.....
 Pain                     Necr           #...         99%         1    ##.....
 Summon Small Mammal      Summ           #...         99%         1    ##.....
 Vampiric Draining        Necr           #.........   100%        3    ####...
 Animate Dead             Necr           N/A          100%        4    #####..
 Cause Fear               Hex            #.........   100%        4    #####..
 Agony                    Necr           #.......     100%        5    ######.
 Silence                  Hex/Air        #.........   100%        5    ######.
 Yara's Violent Unravell  Hex/Tmut       #.........   100%        5    ######.
 Discord                  Hex            #.........   100%        8    #######


Dungeon Overview and Level Annotations

Branches:
Dungeon (5/15)
 Temple: D:4-7

Altars:
Nemelex Xobeh

Annotations:
D:3 1 runed translucent door, Crazy Yiuf


Innate Abilities, Weirdness & Mutations

You have sharp toenails.
A weak demonic guardian rushes to your aid.
Your flesh is heat resistant. (rF+)
You are immune to clouds of flame.


Message History

* * * LOW HITPOINT WARNING * * *
The frilled lizard bites you but does no damage.
The centaur hits you but does no damage.
Unknown command.
You closely miss the centaur.
The centaur is moderately wounded.
The centaur hits you with a +0 quarterstaff.
* * * LOW HITPOINT WARNING * * *
Your shadow imp hits the shadow imp.
The quasit bites you but does no damage.
The quasit closely misses you. x2
The frilled lizard bites you but does no damage.
The centaur unwields a +0 quarterstaff.
The centaur wields a +0 shortbow.
The centaur shoots an arrow.
The arrow hits you.
* * * LOW HITPOINT WARNING * * *
Your shadow imp hits the shadow imp.
You see here an arrow.
Your shadow imp barely misses the shadow imp.
The centaur shoots an arrow.
The arrow hits you!
You die...

########## #########
.........# #.......#
.........# #.......#
#####.#..# ###.......# #
#.#..#####.........### #
#>.........#..c....... #
#.#..#######((l....##
#####...........@5.55.....
......#....#####.###.#.###
....###..........# .# #
..#......#.# ###.# #
....)...##.# #..
.#.#.#####.# ###
...........# .#.#.#######
....##


You could see a centaur, a quasit, a shadow imp, a frilled lizard and a friendly
shadow imp (summoned).

Vanquished Creatures
  Duvessa (D:4)
  A phantom (D:5)
  Blork the orc (D:4)
  A scorpion (D:5)
  Dowan (D:4)
  A hound (D:4)
  An orc priest (D:5)
  A bullfrog skeleton (D:5)
  A gnoll shaman (D:4)
  2 orc wizards
  2 worker ants (D:5)
  Robin (D:4)
  6 gnolls (D:4)
  9 adders
  An ooze (D:1)
  An adder skeleton (D:5)
  3 worms
  2 dart slugs
  A leopard gecko (D:2)
  9 orcs
  4 giant cockroaches
  17 goblins
  7 hobgoblins
  9 jackals
  14 kobolds
  A quokka (D:4)
  10 bats
  6 frilled lizards
  A leopard gecko skeleton (D:4)
  7 rats
122 creatures vanquished.

Vanquished Creatures (collateral kills)
  An ogre (D:4)
  A crimson imp (D:4)
  A hound (D:5)
  A bullfrog skeleton (D:4)
  A gnoll (D:4)
  2 orcs
7 creatures vanquished.

Grand Total: 129 creatures vanquished

Notes
Turn   | Place    | Note
-------+----------+-------------------------------------------
     0 | D:1      | diana the Demonspawn Fighter began the quest for the Orb.
     0 | D:1      | Reached XP level 1. HP: 18/18 MP: 1/1
   168 | D:1      | Gained mutation: You have sharp toenails. [demonic
                  | ancestry]
   168 | D:1      | Reached XP level 2. HP: 20/24 MP: 2/2
   958 | D:2      | Gained mutation: A weak demonic guardian rushes to your
                  | aid. [demonic ancestry]
   958 | D:2      | Reached XP level 3. HP: 29/29 MP: 3/3
  1578 | D:2      | Gained mutation: Your flesh is heat resistant. (rF+)
                  | [demonic ancestry]
  1578 | D:2      | Reached XP level 4. HP: 24/35 MP: 4/4
  2771 | D:3      | Found a runed translucent door.
  2772 | D:3      | Noticed Crazy Yiuf
  3314 | D:4      | Reached XP level 5. HP: 42/42 MP: 5/5
  3334 | D:4      | Reached skill level 4 in Fighting
  3711 | D:4      | Reached XP level 6. HP: 48/48 MP: 2/6
  3816 | D:4      | Noticed Robin
  3878 | D:4      | Killed Robin
  4181 | D:4      | Noticed Blork the orc
  4195 | D:4      | Killed Blork the orc
  4494 | D:4      | Noticed Dowan
  4502 | D:4      | Noticed Duvessa
  4503 | D:4      | Killed Dowan
  4503 | D:4      | Gained mutation: You are immune to clouds of flame.
                  | [demonic ancestry]
  4503 | D:4      | Reached XP level 7. HP: 55/55 MP: 2/7
  4513 | D:4      | Killed Duvessa
  4546 | D:4      | Found a sparkling altar of Nemelex Xobeh.
  4696 | D:5      | Entered Level 5 of the Dungeon
  5136 | D:5      | Reached skill level 5 in Fighting
  5759 | D:5      | Shot with an arrow by a centaur

Illustrated notes

Levels and vault maps discovered:
D:1:      dpeg_arrival_oval, layout_loops_ring
D:2:      layout_loops_corners, minmay_mini_jars
D:3:      layout_basic, uniq_crazy_yiuf_cottage
D:4:      layout_loops_ring, lemuel_doored_altar, first_ration, minmay_cupped,
          uniq_robin, uniq_duvessa, uniq_blork_the_orc
D:5:      layout_loops_ring

Skill      XL: |  1  2  3  4  5  6  7 |
---------------+----------------------+-----
Maces & Flails | 2 3 4 |  4.3
Armour         | 3 4 |  4.9
Shields        | 3 4 |  4.9
Fighting       | 4 5 |  5.3

Action                   |  1- 3 |  4- 6 |  7- 9 || total
-------------------------+-------+-------+-------++-------
Melee: Flail             |    93 |   213 |    89 ||   395
       Kick              |    14 |    47 |    27 ||    88
  Use: Scroll            |       |     8 |       ||     8
 Stab: Distracted        |       |       |     1 ||     1
  Eat: Chunk             |     2 |    10 |     4 ||    16
Armor: Scale mail        |    58 |    91 |    35 ||   184
Dodge: Dodged            |    27 |    62 |    25 ||   114
Block: Kite shield       |    56 |   127 |    37 ||   220
